 Dungeon Crawl Stone Soup version 0.21.1-1-g345015fe64 (webtiles) character file.

130667 Kohma the Severer (level 16, -3/149 HPs)
             Began as a Minotaur Berserker on June 17, 2018.
             Was a High Priest of Trog.
             Slain by a water elemental (7 damage)
             ... on level 2 of the Shoals.
             The game lasted 01:51:20 (30415 turns).

Kohma the Severer (Minotaur Berserker)             Turns: 30415, Time: 01:51:21

Health: -3/149     AC: 43    Str: 23    XL:     16   Next: 53%
Magic:  18/18      EV: 16    Int:  4    God:    Trog [*****.]
Gold:   605        SH:  0    Dex: 14    Spells: 15/15 levels left

rFire    + . .     SeeInvis .   a - +5 executioner's axe (elec)
rCold    + . .     Gourm    .   (shield currently unavailable)
rNeg     . . .     Faith    .   x - +27 Lear's hauberk
rPois    .         Spirit   .   (helmet currently unavailable)
rElec    .         Reflect  .   Y - +1 cloak {rF+}
rCorr    .         Harm     .   (gloves currently unavailable)
MR       +++..                  (boots currently unavailable)
Stlth    ..........             (no amulet)
HPRegen  1.34/turn              A - ring of Shadows {Umbra +Inv Stlth+}
MPRegen  0.16/turn              n - ring of protection from cold

@: afraid, engulfed (cannot breathe), mesmerised, regenerating, wreathed by
umbra
A: retaliatory headbutt, horns 2, clumsy 1
a: Berserk, Trog's Hand, Brothers in Arms, Burn Spellbooks, Renounce Religion,
Evoke Invisibility


You were on level 2 of the Shoals.
You worshipped Trog.
Trog was extremely pleased with you.
You were not hungry.

You visited 6 branches of the dungeon, and saw 27 of its levels.
You also visited: Ice Cave and Volcano.

You collected 2429 gold pieces.
You spent 1824 gold pieces at shops.

Inventory:

Hand Weapons
 a - a +5 executioner's axe of electrocution (weapon)
 b - a +4 arbalest of flaming
 T - a +5 battleaxe of freezing
Missiles
 q - 245 bolts
Armour
 i - a +2 pair of boots
 r - a +1 shield of protection
 x - the +27 Lear's hauberk (worn)
   (You found it on level 7 of the Dungeon)
 B - a +2 pair of gloves
 V - +8 fire dragon scales
 Y - a +1 cloak of fire resistance (worn)
Jewellery
 n - a ring of protection from cold (right hand)
 t - an uncursed ring of protection from fire
 z - an uncursed ring of see invisible
 A - the ring of Shadows (left hand) {Umbra +Inv Stlth+}
   (You found it on level 6 of the Lair of Beasts)

   [ring of stealth]

   It lets you turn invisible.
   It makes you more stealthy.
Wands
 f - a wand of polymorph (25)
 g - a wand of digging (24)
 y - a wand of paralysis (18)
 D - a wand of clouds (7)
 H - a wand of iceblast (17)
 O - a wand of acid (15)
Scrolls
 e - 2 scrolls of magic mapping
 k - 2 scrolls of fear
 m - 11 scrolls of remove curse
 p - 2 scrolls of identify
 s - 2 scrolls of summoning
 G - 4 scrolls of teleportation
Potions
 d - 6 potions of mutation
 h - a potion of magic
 j - 4 potions of ambrosia
 l - 11 potions of curing
 o - a potion of haste
 u - 2 potions of heal wounds
 v - a potion of cancellation
 K - a potion of resistance
 N - a potion of might
 P - a potion of invisibility
 R - 6 potions of lignification
 S - 3 potions of flight
 W - 4 potions of brilliance
 X - 2 potions of berserk rage
 Z - 2 potions of agility
Miscellaneous
 E - a box of beasts
 F - a fan of gales
Comestibles
 c - 29 rations
 w - 11 chunks of flesh


   Skills:
 + Level 15.2 Fighting
 * Level 20.2 Axes
 + Level 9.4 Crossbows
 + Level 14.9 Armour
 + Level 13.9 Dodging
 - Level 5.1 Evocations


You had 15 spell levels left.
You didn't know any spells.

Dungeon Overview and Level Annotations

Branches:
Dungeon (15/15)            Temple (1/1) D:5            Lair (6/6) D:9
 Shoals (2/4) Lair:2        Snake (0/4) Lair:2        Slime (0/5) Lair:5
    Orc (2/2) D:9             Elf (1/3) Orc:2        Vaults (0/5) D:13
 Depths (0/5) D:15

Altars:
Ashenzari
Cheibriados
Dithmenos
Elyvilon
Fedhas
Gozag
Hepliaklqana
Kikubaaqudgha
Makhleb
Nemelex Xobeh
Okawaru
Qazlal
Ru
Sif Muna
Trog
Uskayaw
Vehumet
Wu Jian
Xom
Yredelemnul
Zin
The Shining One
Beogh

Shops:
D:7 *   D:11 [   Orc:1 !   Orc:2 }:(!   Shoals:2 ?


Innate Abilities, Weirdness & Mutations

You reflexively headbutt those who attack you in melee.
You have a pair of horns on your head.
You are clumsy. (Dex -2)


Message History

You feel somewhat more hungry.
* * * LOW HITPOINT WARNING * * *
Your lungs strain for air!
The merfolk siren moves out of view.
The merfolk barely misses you. The sea snake misses you.
The water elemental completely misses you.
The merfolk impaler completely misses you.
The merfolk siren chants its luring song.
The satyr hits you from afar with an uncursed spear.
* * * LOW HITPOINT WARNING * * *
Your troll goes berserk!
You feel somewhat more hungry.
* * * LOW HITPOINT WARNING * * *
Your lungs strain for air!
The sea snake barely misses you.
The merfolk hits you but does no damage.
The merfolk hits you from afar with a spear.
* * * LOW HITPOINT WARNING * * *
The merfolk impaler closely misses you. The water elemental hits you!
You die...

≈≈≈≈≈≈≈ ≈≈. ≈≈≈≈≈≈≈
≈≈≈. ≈≈≈≈≈≈≈ ≈≈≈..
m≈≈≈≈≈≈ ≈≈≈≈. m≈≈≈≈≈≈
≈≈≈≈≈.###mcc≈≈≈≈
≈≈≈≈≈≈.m.mSc≈≈≈≈≈
≈≈≈≈≈≈..E@.≈≈≈≈≈≈
≈≈≈≈≈≈..†(≈≈≈≈≈≈≈
≈≈≈≈≈≈≈≈≈≈T≈..≈≈.
≈≈≈≈≈≈≈≈......≈......
≈≈≈≈≈≈≈.(...........
≈≈≈≈≈≈≈≈..####.....
≈≈≈≈≈≈≈..######...#
≈≈≈≈≈≈≈...........#
≈≈≈≈≈≈............#
#####


You could see a merfolk impaler, a satyr, a sea snake, 2 merfolk, 2 fauns, a
water elemental, 2 merfolk sirens and a friendly troll (berserk).

Vanquished Creatures
  Frances (D:13)
  A frost giant (IceCv)
  An orc warlord (Orc:2)
  A stone giant (Orc:2)
  A dire elephant (Lair:6)
  An ettin (Orc:1)
  A fire dragon (Volcano)
  A merfolk impaler (Shoals:1)
  9 hydras
  3 merfolk avatars (Shoals:1)
  4 centaur warriors
  A catoblepas (Lair:6)
  The ghost of mass2k the Cleaver, a novice HOMo of Beogh (Lair:2)
  A merfolk aquamancer (Shoals:1)
  7 two-headed ogres
  An alligator snapping turtle (Shoals:1)
  7 orc high priests (Orc:2)
  12 death yaks
  4 tengu warriors
  The ghost of Lokiki the Wallflower, a novice DsMo of Uskayaw (D:11)
  A deep troll shaman (Lair:6)
  Sonja (D:10)
  The ghost of ghte the Basher, a novice MiFi of Makhleb (D:8)
  Urug (D:13)
  A fire crab (Lair:6)
  Nergalle (Lair:3)
  5 sea snakes (Shoals:1)
  An unseen horror (D:15)
  A swamp dragon (shapeshifter) (D:13)
  4 harpies (Shoals:1)
  A lindwurm (Volcano)
  An oklob plant (Lair:4)
  An orc knight (D:15)
  5 cyclopes
  2 deep elf magi (D:14)
  22 ugly things
  A mana viper (shapeshifter) (D:13)
  A wolf spider zombie (D:13)
  4 fauns (Shoals:1)
  An orc sorcerer (Orc:2)
  19 elephants
  4 manticores
  5 merfolk sirens
  An ice statue (IceCv)
  2 centaur zombies
  2 molten gargoyles (Volcano)
  A water nymph (Shoals:2)
  A black mamba (shapeshifter) (D:13)
  4 black mambas
  4 spiny frogs
  7 rime drakes
  2 gargoyles (D:12)
  A freezing wraith (D:15)
  8 komodo dragons
  A kobold demonologist (D:14)
  6 merfolk (Shoals:1)
  A tengu conjurer (D:15)
  2 wind drakes (Shoals:1)
  15 polar bears
  A wolf spider simulacrum (D:14)
  5 trolls
  A hornet (D:10)
  Grinder (D:5)
  14 slime creatures
  4 blink frogs (Lair:2)
  4 dream sheep (Lair:6)
  3 snapping turtles
  17 hippogriffs
  4 water elementals
  2 wraiths
  6 basilisks
  4 hogs (D:8)
  5 fire bats (Volcano)
  A human (D:8)
  4 wyverns
  42 yaks
  3 fire elementals (D:15)
  A steam dragon (Volcano)
  3 hungry ghosts
  7 wargs (Orc:2)
  A soldier ant (D:13)
  2 hell hounds (Volcano)
  15 water moccasins
  8 porcupines
  13 orc warriors
  5 phantoms
  3 sky beasts
  A black bear (Lair:6)
  An ice beast (D:10)
  59 wolves
  4 ogres
  13 centaurs
  2 boggarts (D:15)
  10 crocodiles
  4 big kobolds
  A gnoll sergeant (D:5)
  12 bullfrogs
  A wyvern zombie (D:13)
  A wyvern skeleton (D:13)
  A water moccasin zombie (D:5)
  5 scorpions
  A killer bee (shapeshifter) (D:15)
  5 wights (D:10)
  8 killer bees
  4 electric eels
  3 howler monkeys
  9 crimson imps
  2 quasits
  11 lava snakes
  2 bullfrog zombies
  8 centaur skeletons
  34 orc priests
  3 hounds
  17 jellies
  3 bullfrog skeletons
  13 orc wizards
  3 iguanas
  4 worker ants
  A hound zombie (D:5)
  2 hound skeletons
  A worker ant zombie (D:8)
  11 adders
  12 gnolls
  2 shadow imps (D:12)
  3 oozes
  A worm (D:3)
  5 dart slugs
  8 leopard geckos
  88 orcs
  2 ball pythons
  3 giant cockroaches
  2 hobgoblins (D:1)
  2 jackals (D:11)
  20 kobolds
  2 quokkas (D:3)
  4 bats
  4 frilled lizards
  10 goblins
  A jackal skeleton (D:5)
  6 rats
  2 fungi
  10 plants
827 creatures vanquished.

Vanquished Creatures (collateral kills)
  Rupert (D:15)
  A hydra (D:15)
  An ugly thing (D:15)
  A meliai (shapeshifter) (D:15)
  2 boggarts (D:15)
6 creatures vanquished.

Vanquished Creatures (others)
  2 fungi
  6 plants
8 creatures vanquished.

Grand Total: 841 creatures vanquished

Notes
Turn   | Place    | Note
-------+----------+-------------------------------------------
     0 | D:1      | Kohma the Minotaur Berserker began the quest for the Orb.
     0 | D:1      | Reached XP level 1. HP: 19/19 MP: 0/0
     2 | D:1      | Noticed a spriggan
     2 | D:1      | Noticed a vampire
     4 | D:1      | Noticed a tengu
     4 | D:1      | Noticed a felid
     6 | D:1      | Noticed a formicid
     8 | D:1      | Noticed a troll
    10 | D:1      | Noticed a ghoul
    10 | D:1      | Noticed a vine stalker
    12 | D:1      | Noticed a minotaur
    12 | D:1      | Noticed a naga
    14 | D:1      | Noticed a halfling
    14 | D:1      | Noticed a centaur
    16 | D:1      | Noticed a gargoyle
    16 | D:1      | Noticed a draconian
    18 | D:1      | Noticed an ogre
    20 | D:1      | Noticed an elf
    20 | D:1      | Noticed an octopode
    22 | D:1      | Noticed a human
    24 | D:1      | Noticed a dwarf
    24 | D:1      | Noticed a demigod
    26 | D:1      | Noticed a merfolk
    26 | D:1      | Noticed a demonspawn
    94 | D:1      | Reached XP level 2. HP: 22/27 MP: 1/1
   103 | D:1      | Reached skill level 4 in Axes
   487 | D:1      | Reached XP level 3. HP: 25/33 MP: 2/2
   487 | D:1      | Reached ** piety under Trog
   696 | D:2      | Found a white marble altar of Elyvilon.
   827 | D:2      | Reached XP level 4. HP: 24/40 MP: 3/3
  1468 | D:3      | Noticed a sky beast
  1488 | D:3      | Killed a sky beast
  1488 | D:3      | Reached skill level 5 in Axes
  1488 | D:3      | Reached XP level 5. HP: 18/47 MP: 4/4
  2127 | D:3      | Found a stormy altar of Qazlal.
  2744 | D:4      | Reached XP level 6. HP: 55/55 MP: 5/5
  2824 | D:4      | Reached skill level 5 in Fighting
  2824 | D:4      | Reached skill level 6 in Axes
  3190 | D:5      | Entered Level 5 of the Dungeon
  3263 | D:5      | Noticed Grinder
  3272 | D:5      | Paralysed by Grinder for 6 turns
  3280 | D:5      | Killed Grinder
  3280 | D:5      | Reached XP level 7. HP: 14/61 MP: 6/6
  3494 | D:5      | Reached skill level 7 in Axes
  3509 | D:5      | Reached *** piety under Trog
  3552 | D:5      | Found a deep blue altar of Sif Muna.
  3595 | D:5      | Reached skill level 5 in Armour
  4100 | D:5      | Reached skill level 8 in Axes
  4100 | D:5      | Reached skill level 5 in Dodging
  4100 | D:5      | Reached XP level 8. HP: 44/70 MP: 7/7
  4337 | D:5      | Found a staircase to the Ecumenical Temple.
  4645 | Temple   | Entered the Ecumenical Temple
  5132 | D:6      | Reached skill level 9 in Axes
  5342 | D:7      | Found the +27 Lear's hauberk
  5547 | D:7      | Found a radiant altar of Vehumet.
  5547 | D:7      | Found a burning altar of Makhleb.
  5785 | D:7      | Found Vieprox's General Store.
  5855 | D:7      | Found a sparkling altar of Nemelex Xobeh.
  6020 | D:8      | Got an ancient robe
  6061 | D:8      | Noticed ghte's ghost (novice MiFi)
  6089 | D:7      | Reached XP level 9. HP: 77/79 MP: 8/8
  6122 | D:8      | Killed ghte's ghost
  6122 | D:8      | Reached skill level 10 in Axes
  6330 | D:8      | Noticed a two-headed ogre
  6339 | D:8      | Killed a two-headed ogre
  6339 | D:8      | Reached skill level 11 in Axes
  6350 | D:8      | Found a sacrificial altar of Ru.
  6439 | D:8      | Noticed a troll
  6452 | D:8      | Killed a troll
  6452 | D:8      | Reached XP level 10. HP: 77/90 MP: 9/9
  6461 | D:8      | Reached **** piety under Trog
  6776 | D:8      | Found a bloodstained altar of Trog.
  6880 | D:8      | Reached skill level 12 in Axes
  7149 | D:9      | Noticed a death yak
  7151 | D:9      | Got a jewelled ring mail
  7161 | D:9      | Noticed a death yak
  7175 | D:9      | Killed a death yak
  7198 | D:8      | Killed a death yak
  7476 | D:9      | Noticed a two-headed ogre
  7485 | D:9      | Killed a two-headed ogre
  7485 | D:9      | Reached skill level 13 in Axes
  7485 | D:9      | Reached XP level 11. HP: 77/99 MP: 10/10
  7795 | D:9      | Reached ***** piety under Trog
  7848 | D:9      | Reached skill level 10 in Fighting
  7853 | D:9      | Found a staircase to the Orcish Mines.
  7883 | D:9      | Found a staircase to the Lair.
  8012 | D:9      | Found a shimmering altar of Xom.
  8282 | D:10     | Entered Level 10 of the Dungeon
  8331 | D:10     | Noticed a two-headed ogre
  8336 | D:10     | Killed a two-headed ogre
  8374 | D:10     | Noticed a death yak
  8384 | D:10     | Killed a death yak
  8384 | D:10     | Reached skill level 1 in Evocations
  8780 | D:10     | Reached skill level 10 in Armour
  9196 | D:10     | Noticed Sonja
  9213 | D:10     | HP: 4/101 [poisoned by Sonja (curare-tipped needle)]
  9223 | D:10     | Killed Sonja
  9226 | D:10     | HP: 5/101 [poisoned by Sonja]
  9626 | D:11     | Found a shadowy altar of Dithmenos.
  9672 | D:11     | Found Zunt's Armour Boutique.
  9787 | D:11     | Got a spiked leather armour
  9844 | D:11     | Noticed Lokiki's ghost (novice DsMo)
  9887 | D:11     | Killed Lokiki's ghost
  9887 | D:11     | Reached skill level 14 in Axes
 10095 | D:11     | Noticed a two-headed ogre
 10103 | D:11     | Killed a two-headed ogre
 10435 | Lair:1   | Entered Level 1 of the Lair of Beasts
 10530 | Lair:1   | Reached XP level 12. HP: 69/108 MP: 13/13
 10842 | Lair:1   | Noticed a five-headed hydra
 11028 | Lair:1   | Killed a 13-headed hydra
 11208 | Lair:1   | Received a gift from Trog
 11930 | Lair:2   | Reached skill level 10 in Dodging
 11975 | Lair:2   | Reached skill level 15 in Axes
 12192 | Lair:2   | Noticed mass2k's ghost (novice HOMo)
 12217 | Lair:2   | Killed mass2k's ghost
 12440 | Lair:2   | Noticed a five-headed hydra
 12447 | Lair:2   | Killed a seven-headed hydra
 12460 | Lair:2   | Found a staircase to the Snake Pit.
 12581 | Lair:2   | Found a staircase to the Shoals.
 13110 | Lair:3   | Found a dark tunnel.
 13117 | Volcano  | Entered a volcano
 13291 | Volcano  | Received a gift from Trog
 13423 | Volcano  | Found a burning altar of Makhleb.
 13429 | Volcano  | Reached skill level 5 in Evocations
 13442 | Volcano  | Noticed a fire dragon
 13446 | Volcano  | Killed a fire dragon
 13545 | Volcano  | Reached XP level 13. HP: 67/117 MP: 15/15
 13714 | Lair:3   | Identified the +5 ring mail of the Hall of Blades {rN+ Dex-3 Slay+4} (You found it on level 9 of the Dungeon)
 13734 | Lair:3   | Identified the cursed +1 robe "Viotone" {rF+ Str+2} (You found it on level 8 of the Dungeon)
 13745 | Lair:3   | Identified the cursed +1 leather armour of Duzo {rC- Dex+4 SInv} (You found it on level 11 of the Dungeon)
 14010 | Lair:3   | Noticed Nergalle
 14016 | Lair:3   | Killed Nergalle
 14397 | Lair:4   | Reached skill level 16 in Axes
 14820 | Lair:4   | Found an iron altar of Okawaru.
 15073 | Lair:4   | Reached skill level 1 in Crossbows
 15888 | Lair:5   | Received a gift from Trog
 16184 | Lair:5   | Got a brightly glowing rapier
 16260 | Lair:5   | Found a staircase to the Slime Pits.
 16520 | Lair:6   | Entered Level 6 of the Lair of Beasts
 16605 | Lair:6   | Reached skill level 17 in Axes
 16890 | Lair:6   | Reached XP level 14. HP: 50/127 MP: 16/16
 17607 | Lair:6   | Received a gift from Trog
 17607 | Lair:6   | Reached skill level 5 in Crossbows
 17620 | Lair:6   | Found the ring of Shadows {Umbra +Inv Stlth+}
 18536 | Orc:1    | Entered Level 1 of the Orcish Mines
 18909 | Orc:1    | Received a gift from Trog
 18962 | Orc:2    | Entered Level 2 of the Orcish Mines
 19066 | Orc:2    | Found a roughly hewn altar of Beogh.
 19267 | Orc:2    | Found Ruthrahe's Antique Weapon Shop.
 19443 | Orc:2    | Found Zyplu's Distillery.
 19449 | Orc:2    | Received a gift from Trog
 19454 | Orc:2    | Reached ****** piety under Trog
 19815 | Orc:2    | Received a gift from Trog
 19869 | Orc:2    | Found a roughly hewn altar of Beogh.
 19916 | Orc:2    | Received a gift from Trog
 19923 | Orc:2    | Found Mujono's Gadget Shop.
 19923 | Orc:2    | Found Opne's Antique Armour Shoppe.
 19997 | Orc:2    | Reached skill level 18 in Axes
 20318 | Orc:2    | Identified the +11 rapier "Ecydebeh" {drain, +Blink} (You found it on level 5 of the Lair of Beasts)
 20321 | Orc:1    | Noticed an orc warlord
 20430 | Orc:2    | Killed an orc warlord
 20656 | Orc:1    | Found Fonolib's Distillery.
 21013 | Orc:2    | Noticed a stone giant
 21030 | Orc:2    | Killed a stone giant
 21192 | Orc:2    | Found a staircase to the Elven Halls.
 21199 | Elf:1    | Entered Level 1 of the Elven Halls
 21249 | Orc:2    | Found Jizaiquri's Book Emporium.
 21361 | Orc:2    | Bought a potion of cancellation for 104 gold pieces
 21361 | Orc:2    | Bought a potion of curing for 39 gold pieces
 21361 | Orc:2    | Bought 2 potions of heal wounds for 130 gold pieces
 21370 | Orc:2    | Bought an iridescent battleaxe for 437 gold pieces
 21370 | Orc:2    | Identified the +4 battleaxe of Iqun Ah Xuwn {chaos, *Contam Int+6} (You bought it in a shop on level 2 of the Orcish Mines)
 21402 | Orc:2    | Gained mutation: You are clumsy. (Dex -2) [mutagenic glow]
 21633 | Orc:1    | Bought a potion of resistance for 140 gold pieces
 21633 | Orc:1    | Bought a potion of curing for 42 gold pieces
 21633 | Orc:1    | Bought a potion of curing for 42 gold pieces
 21633 | Orc:1    | Bought a potion of curing for 42 gold pieces
 22828 | D:13     | Reached XP level 15. HP: 136/137 MP: 17/17
 23002 | D:13     | Found a gate to the Vaults.
 23003 | D:13     | Noticed Frances
 23019 | D:13     | Killed Frances
 23037 | D:13     | Noticed Urug
 23047 | D:13     | Found a frozen archway.
 23056 | IceCv    | Entered an ice cave
 23355 | IceCv    | Received a gift from Trog
 24056 | IceCv    | Noticed a frost giant
 24078 | IceCv    | Killed a frost giant
 24346 | D:13     | Reached skill level 19 in Axes
 24350 | D:13     | Received a gift from Trog
 24680 | D:7      | Bought a scroll of enchant armour for 120 gold pieces
 24680 | D:7      | Bought a scroll of enchant armour for 120 gold pieces
 24895 | D:13     | Killed Urug
 26207 | D:14     | Received a gift from Trog
 26589 | D:15     | Entered Level 15 of the Dungeon
 26914 | D:15     | Reached XP level 16. HP: 107/147 MP: 18/18
 27257 | D:15     | Noticed Rupert
 27265 | D:15     | Paralysed by Rupert for 3 turns
 27281 | D:15     | Killed Rupert
 27350 | D:15     | Found a staircase to the Depths.
 27582 | D:15     | Got a pitted scale mail
 27719 | D:15     | Received a gift from Trog
 27869 | D:15     | Identified the cursed +1 scale mail "Hiez Qek" {Int+2} (You found it on level 15 of the Dungeon)
 28497 | Shoals:1 | Entered Level 1 of the Shoals
 28619 | Shoals:1 | Reached skill level 15 in Fighting
 29007 | Shoals:1 | Received a gift from Trog
 29445 | Shoals:1 | Reached skill level 20 in Axes
 29798 | Shoals:1 | Received a gift from Trog
 30296 | Shoals:2 | Found Afoteetu's Magic Scroll Boutique.
 30343 | Shoals:2 | Bought a scroll of enchant weapon for 97 gold pieces
 30343 | Shoals:2 | Bought a scroll of magic mapping for 45 gold pieces
 30343 | Shoals:2 | Bought a scroll of enchant armour for 97 gold pieces
 30343 | Shoals:2 | Bought a scroll of enchant armour for 97 gold pieces
 30343 | Shoals:2 | Bought a scroll of enchant armour for 97 gold pieces
 30343 | Shoals:2 | Bought a scroll of teleportation for 39 gold pieces
 30343 | Shoals:2 | Bought a scroll of teleportation for 39 gold pieces
 30343 | Shoals:2 | Bought a scroll of enchant armour for 97 gold pieces
 30415 | Shoals:2 | HP: 4/149 [merfolk/spear (6)]
 30415 | Shoals:2 | Slain by a water elemental

Skill      XL: |  1  2  3  4  5  6  7  8  9 10 11 12 13 14 15 16 |
---------------+-------------------------------------------------+-----
Axes           | 4 5 6 8 9 11 13 14 15 17 18 19 20 | 20.2
Fighting       | 4 5 6 7 8 9 10 11 12 13 14 15 | 15.2
Armour         | 3 4 5 6 8 9 10 11 12 13 14 | 14.9
Dodging        | 3 4 5 6 7 8 9 10 11 12 13 | 13.9
Evocations     | 3 5 |  5.1
Crossbows      | 4 6 8 9 |  9.4

Action                   |  1- 3 |  4- 6 |  7- 9 | 10-12 | 13-15 | 16-18 || total
-------------------------+-------+-------+-------+-------+-------+-------++-------
Melee: Hand axe          |    57 |   117 |   130 |       |       |       ||   304
       Headbutt          |    11 |    19 |    66 |   119 |   279 |    54 ||   548
       War axe           |       |       |   115 |       |       |       ||   115
       Battleaxe         |       |       |    11 |   505 |   550 |       ||  1066
       Executioner's axe |       |       |       |    27 |   593 |   191 ||   811
 Fire: Arbalest          |       |       |       |       |    16 |   113 ||   129
Invok: Berserk           |       |     1 |     1 |       |       |       ||     2
       Trog's Hand       |       |     1 |       |     1 |     1 |     2 ||     5
       Brothers in Arms  |       |       |       |     2 |     1 |     2 ||     5
       Burn Spellbooks   |       |       |       |     1 |     2 |     1 ||     4
 Abil: Evoke Invisibilit |       |       |       |       |     1 |       ||     1
Evoke: Wand              |       |       |       |     1 |     3 |     1 ||     5
  Use: Scroll            |       |    10 |     2 |    13 |    23 |    10 ||    58
       Potion            |       |       |       |     7 |     2 |     1 ||    10
 Stab: Invisible         |       |       |       |     1 |     1 |       ||     2
       Petrified         |       |       |       |       |     3 |       ||     3
       Confused          |       |       |       |       |     1 |       ||     1
       Distracted        |       |       |       |       |       |     1 ||     1
  Eat: Chunk             |       |     7 |     5 |    13 |    23 |     8 ||    56
       Ration            |       |       |     3 |     4 |     6 |     2 ||    15
Armor: Animal skin       |    15 |       |       |       |       |       ||    15
       Scale mail        |     4 |    39 |       |       |       |       ||    43
       Plate armour      |       |    14 |    96 |       |       |       ||   110
       Chain mail        |       |       |    93 |   531 |   971 |   237 ||  1832
       Fire dragon scale |       |       |       |     3 |     3 |       ||     6
Dodge: Dodged            |    40 |    53 |   130 |   508 |  1193 |   255 ||  2179
